[Event "Titled Tuesday Blitz August 09 Late 2022"]
[White "Alekseenko, Kirill"]
[Black "Kosteniuk, Alexandra"]
[WhiteFideId "4135539"]
[BlackFideId "4128125"]
[WhiteElo "2682"]
[BlackElo "2469"]
[Result "1-0"]
[Round "06"]
[TimeControl "180+1"]
[Date "2022.08.09"]
[WhiteClock "0:00:17"]
[BlackClock "0:00:08"]

1. e4 e5 2. Nf3 Nc6 3. Bc4 Bc5 4. d3 Nf6 5. Nc3 a6 6. a4 h6 7. h3 d6 8. Be3 Be6 9. Nd2 Qe7 10. O-O Nd4 11. a5 Ba7 12. Ne2 O-O 13. Bxd4 exd4 14. Bxe6 fxe6 15. f4 Nd7 16. Kh2 Rf7 17. Qe1 Raf8 18. Qg3 Kh8 19. Rf3 c5 20. Raf1 Bb8 21. Kh1 Bc7 22. Nb3 d5 23. e5 Nb8 24. R3f2 Nc6 25. Nd2 Nb4 26. Nf3 Bd8 27. Rc1 Rf5 28. Qh2 Kh7 29. g4 R5f7 30. Qg3 Nc6 31. g5 g6 32. gxh6 Rf5 33. Rg1 Rg8 34. Ng5+ Kxh6 35. Qh4+ Kg7 36. Ng3 Rh8 37. Nxf5+ exf5 38. Qg3 Rh6 39. Nf3 Qe6 40. Rfg2 Qg8 41. h4 Qh7 42. Rh2 Rh5 43. e6 Be7 44. Ng5 Qh6 45. Rgg2 Nxa5 46. Qf3 Nc6 47. Qxd5 Rxh4 48. Qf3 Qh8 49. Qg3 Rh5 50. Nf3 Qh6 51. Rxh5 Qxh5+ 52. Rh2 Qg4 53. Qxg4 fxg4 54. Ng5 Bxg5 55. fxg5 Ne7 56. Re2 Kf8 57. Rh2 Ng8 58. Rh7 Ne7 59. Rf7+ Ke8 60. Kg2 a5 61. Kg3 b5 62. Kxg4 a4 63. Kf4 b4 64. Ke5 a3 65. bxa3 bxa3 66. Rf1 Nc6+ 67. Kd6 Nb4 68. Rh1 1-0


[Site "https://www.chess.com"]

[Event "Titled Tuesday Blitz August 09 Late 2022"]
[White "Amburgy, Ryan"]
[Black "Holt, Conrad"]
[WhiteFideId "30924820"]
[BlackFideId "2034387"]
[WhiteElo "2066"]
[BlackElo "2586"]
[Result "1-0"]
[Round "06"]
[TimeControl "180+1"]
[Date "2022.08.09"]
[WhiteClock "0:00:13"]
[BlackClock "0:00:05"]

1. d4 d5 2. Nc3 e6 3. Bf4 Bd6 4. e3 Bxf4 5. exf4 Ne7 6. Nf3 Nd7 7. Qd2 O-O 8. h4 c5 9. Bd3 c4 10. Be2 b5 11. Nxb5 Rb8 12. Nc3 Rxb2 13. h5 Nf6 14. h6 g6 15. Ne5 Qb6 16. g4 Nd7 17. O-O Qd6 18. Rab1 Rxb1 19. Rxb1 Ba6 20. Qe3 Nc6 21. Nxc6 Qxc6 22. Bf3 Qd6 23. f5 Nb6 24. Qg5 f6 25. Qe3 e5 26. Rxb6 axb6 27. Bxd5+ Kh8 28. fxg6 hxg6 29. g5 exd4 30. Qxd4 Kh7 31. Bg8+ Kxg8 32. Qxd6 1-0


[Site "https://www.chess.com"]

[Event "Titled Tuesday Blitz August 09 Late 2022"]
[White "Babazada, Khazar"]
[Black "Petrovic, Aleksa"]
[WhiteFideId "13413554"]
[BlackFideId "967629"]
[WhiteElo "2409"]
[BlackElo "2262"]
[Result "1-0"]
[Round "06"]
[TimeControl "180+1"]
[Date "2022.08.09"]
[WhiteClock "0:00:28"]
[BlackClock "0:00:10"]

1. Nc3 d5 2. e4 e6 3. d4 Bb4 4. e5 c5 5. a3 Bxc3+ 6. bxc3 Qa5 7. Bd2 Qa4 8. Nf3 Ne7 9. h4 b6 10. h5 h6 11. Rh4 c4 12. Rg4 Nf5 13. Rf4 Nc6 14. g4 Nfe7 15. Bh3 Bd7 16. Ra2 g5 17. hxg6 fxg6 18. Rf6 g5 19. Nh2 O-O-O 20. Nf1 Rdf8 21. Ng3 Rxf6 22. exf6 Ng6 23. Nh5 e5 24. dxe5 Ncxe5 25. Be3 Qc6 26. a4 d4 27. cxd4 Qh1+ 28. Bf1 Bxg4 29. Ng3 Nf3+ 30. Ke2 Nxd4+ 31. Kd2 Qd5 32. Qxg4+ Ne6+ 33. Kc1 c3 34. Bc4 1-0


[Site "https://www.chess.com"]

[Event "Titled Tuesday Blitz August 09 Late 2022"]
[White "Bazeev, German"]
[Black "Harsha Bharathakoti"]
[WhiteFideId "24119350"]
[BlackFideId "5078776"]
[WhiteElo "2493"]
[BlackElo "2575"]
[Result "0-1"]
[Round "06"]
[TimeControl "180+1"]
[Date "2022.08.09"]
[WhiteClock "0:00:04"]
[BlackClock "0:00:30"]

1. d4 g6 2. e4 Bg7 3. Nc3 d6 4. f4 a6 5. Be2 b5 6. Bf3 Bb7 7. e5 Qc8 8. Bxb7 Qxb7 9. Qf3 Qxf3 10. Nxf3 e6 11. Ne4 d5 12. Nf2 Nd7 13. Nd3 Bf8 14. Be3 Ne7 15. a4 bxa4 16. Rxa4 Nb6 17. Ra2 Nc6 18. b3 Be7 19. Ke2 Kd7 20. Rha1 a5 21. Nc5+ Bxc5 22. dxc5 Nc8 23. c3 N8e7 24. Kd3 Rhb8 25. Kc2 h6 26. Bf2 Rb5 27. Nd2 Rab8 28. Ra4 g5 29. fxg5 hxg5 30. Be3 Nf5 31. Bxg5 Rxc5 32. Kb2 Rcb5 33. Bf4 Rg8 34. g3 Rh8 35. h4 Rg8 36. Nf1 Rg4 37. Kc2 Rb8 38. Nh2 Rg6 39. Nf3 Nxg3 40. Rg1 Ne4 41. Rxg6 fxg6 42. Ng5 Nxg5 43. Bxg5 Nxe5 44. Rxa5 Nf3 45. Ra4 Nxg5 46. hxg5 Rf8 47. Rg4 Rf5 48. c4 c5 49. Kc3 Kd6 50. b4 Rf3+ 0-1


[Site "https://www.chess.com"]

[Event "Titled Tuesday Blitz August 09 Late 2022"]
[White "Bilych, Olexiy"]
[Black "Navarrete Mendez, Gonzalo Alberto"]
[WhiteFideId "14156504"]
[BlackFideId "5106850"]
[WhiteElo "2157"]
[BlackElo "2261"]
[Result "1-0"]
[Round "06"]
[TimeControl "180+1"]
[Date "2022.08.09"]
[WhiteClock "0:00:25"]
[BlackClock "0:00:03"]

1. e4 e5 2. Nf3 Nc6 3. Bc4 Nf6 4. d3 Be7 5. O-O O-O 6. a4 d6 7. a5 a6 8. Re1 Kh8 9. Nc3 Bg4 10. h3 Bh5 11. Be3 Qc8 12. Nd5 Nxd5 13. Bxd5 Nb4 14. Bb3 f5 15. g4 fxg4 16. Nh2 Nc6 17. hxg4 Bg6 18. Kg2 Nd4 19. Bxd4 exd4 20. Qd2 Bh4 21. Rf1 Qd7 22. f4 Rae8 23. f5 Bf7 24. Nf3 Bf6 25. Bxf7 Qxf7 26. Rh1 d5 27. g5 dxe4 28. dxe4 Rxe4 29. Rxh7+ Kg8 30. Rah1 Rg4+ 31. Kf2 Qd5 32. g6 Bh4+ 33. R7xh4 Rxh4 34. Rxh4 Rxf5 35. Rf4 Rh5 36. Qxd4 Qxd4+ 37. Rxd4 Rd5 38. Rxd5 1-0


[Site "https://www.chess.com"]

[Event "Titled Tuesday Blitz August 09 Late 2022"]
[White "Bortnyk, Olexandr"]
[Black "Rustemov, Alexander"]
[WhiteFideId "14120828"]
[BlackFideId "4119002"]
[WhiteElo "2723"]
[BlackElo "2792"]
[Result "1-0"]
[Round "06"]
[TimeControl "180+1"]
[Date "2022.08.09"]
[WhiteClock "0:02:01"]
[BlackClock "0:00:07"]

1. e4 e6 2. d4 d5 3. Nc3 Bb4 4. Qd3 Ne7 5. Qg3 O-O 6. Bf4 dxe4 7. Bxc7 Nf5 8. Qf4 Bd6 9. Bxd6 Nxd6 10. Nxe4 Qa5+ 11. c3 Nxe4 12. Qxe4 Nc6 13. Nf3 e5 14. d5 f5 15. Qh4 e4 16. Ng5 h6 17. dxc6 Qc5 18. cxb7 Bxb7 19. Ne6 Qb6 20. Nxf8 Qxb2 21. Bc4+ Kxf8 22. O-O 1-0


[Site "https://www.chess.com"]

[Event "Titled Tuesday Blitz August 09 Late 2022"]
[White "Chigaev, Maksim"]
[Black "Csonka, Balazs"]
[WhiteFideId "4108116"]
[BlackFideId "742910"]
[WhiteElo "2487"]
[BlackElo "2404"]
[Result "1-0"]
[Round "06"]
[TimeControl "180+1"]
[Date "2022.08.09"]
[WhiteClock "0:00:17"]
[BlackClock "0:00:02"]

1. e4 c5 2. Nf3 e6 3. b3 a6 4. Bb2 b5 5. d4 cxd4 6. Nxd4 Bb7 7. Bd3 Nf6 8. Qe2 Nc6 9. Nxc6 Bxc6 10. Nd2 Be7 11. O-O-O Qb6 12. g4 O-O 13. g5 Ne8 14. h4 a5 15. a3 Nc7 16. f4 a4 17. b4 Na6 18. c3 Rac8 19. Kb1 d5 20. Rhe1 d4 21. cxd4 Nxb4 22. axb4 Bxb4 23. Ka2 a3 24. Ba1 Bxd2 25. Qxd2 b4 26. Rb1 Ba4 27. Qxb4 Qa7 28. Rec1 Rb8 29. Qc5 Qa8 30. d5 Rfc8 31. Qd4 f6 32. Rxc8+ Rxc8 33. gxf6 Bc2 34. f7+ Kxf7 35. Qxg7+ 1-0


[Site "https://www.chess.com"]

[Event "Titled Tuesday Blitz August 09 Late 2022"]
[White "Clarke, Brandon G I"]
[Black "Zhigalko, Sergei"]
[WhiteFideId "400319"]
[BlackFideId "13502956"]
[WhiteElo "2414"]
[BlackElo "2662"]
[Result "1-0"]
[Round "06"]
[TimeControl "180+1"]
[Date "2022.08.09"]
[WhiteClock "0:01:02"]
[BlackClock "0:00:53"]

1. e4 c5 2. Nf3 Nc6 3. d4 cxd4 4. Nxd4 Nf6 5. Nc3 e5 6. Ndb5 d6 7. Bg5 a6 8. Na3 b5 9. Nd5 Be7 10. Bxf6 Bxf6 11. c3 Bg5 12. Nc2 Ne7 13. h4 Bh6 14. a4 bxa4 15. Ncb4 O-O 16. Qxa4 a5 17. Nxe7+ Qxe7 18. Nd5 Qd8 19. Bc4 Kh8 20. O-O Qxh4 21. Qc6 Bg4 22. Qxd6 Qg5 23. Ne3 Bf3 24. Rxa5 Rae8 25. Rfa1 Bxe4 26. Bd5 Rd8 27. Ra8 Bxd5 28. Qxf8+ Rxf8 29. Rxf8# 1-0


[Site "https://www.chess.com"]

[Event "Titled Tuesday Blitz August 09 Late 2022"]
[White "Dounis, Alexandros"]
[Black "Demchenko, Anton"]
[WhiteFideId "4213238"]
[BlackFideId "4160258"]
[WhiteElo "2204"]
[BlackElo "2539"]
[Result "0-1"]
[Round "06"]
[TimeControl "180+1"]
[Date "2022.08.09"]
[WhiteClock "0:00:20"]
[BlackClock "0:01:04"]

1. Nf3 Nf6 2. g3 b5 3. Bg2 Bb7 4. O-O e6 5. d4 Be7 6. Bg5 d5 7. c3 Nbd7 8. a4 b4 9. cxb4 Bxb4 10. a5 Rb8 11. Nc3 Be7 12. Qa4 O-O 13. a6 Ba8 14. Ne5 Nxe5 15. dxe5 Nd7 16. Bxe7 Qxe7 17. Qa5 Nxe5 18. e4 Nc4 19. Qa4 Rb4 20. exd5 Rxa4 21. Rxa4 Nb6 22. Ra5 exd5 23. Nxd5 Bxd5 24. Bxd5 Qb4 25. Rfa1 Qxb2 26. Bb7 Rd8 27. R5a2 Qf6 28. Rc1 Rd7 29. Rac2 Qd8 30. Kg2 g6 31. h4 h5 32. Rc5 Kg7 33. Bf3 Re7 34. R1c2 Nd7 35. Rxc7 Ne5 36. Rxe7 Qxe7 37. Bb7 Nd3 38. Rd2 Qa3 39. Re2 Nc5 40. Re7 Nxa6 41. Bd5 Qxe7 0-1


[Site "https://www.chess.com"]

[Event "Titled Tuesday Blitz August 09 Late 2022"]
[White "Galperin, Platon"]
[Black "Sarana, Alexey"]
[WhiteFideId "14165414"]
[BlackFideId "24133795"]
[WhiteElo "2435"]
[BlackElo "2666"]
[Result "1/2-1/2"]
[Round "06"]
[TimeControl "180+1"]
[Date "2022.08.09"]
[WhiteClock "0:00:05"]
[BlackClock "0:00:07"]

1. b3 d5 2. Bb2 c5 3. e3 a6 4. Nf3 Nc6 5. d4 Nf6 6. c4 cxd4 7. Nxd4 e6 8. Nc3 Bd6 9. cxd5 exd5 10. Be2 O-O 11. O-O Qe7 12. Rc1 Rd8 13. Nf3 Bg4 14. h3 Bh5 15. Na4 Bc7 16. Nh4 Qd6 17. g3 Bxe2 18. Qxe2 d4 19. Bxd4 Nxd4 20. exd4 Re8 21. Qf3 g6 22. Qxb7 Nd5 23. Rc5 Rad8 24. Rxd5 Qxd5 25. Qxc7 Qxd4 26. Qc3 Qe4 27. Nc5 Qc6 28. Qc4 Rc8 29. b4 a5 30. a3 axb4 31. axb4 Rb8 32. Rb1 Re5 33. Rd1 Rbe8 34. Ng2 Re2 35. b5 Qf3 36. Qf4 Qxf4 37. Nxf4 Rb2 38. Nd7 Kg7 39. b6 Rd8 40. Rd6 Rc8 41. Nd3 Rb1+ 42. Kg2 Rd8 43. N3c5 h5 44. b7 Rb5 45. Rc6 Rxb7 46. Nxb7 Rxd7 47. Nc5 Rd5 48. Ne4 Re5 49. Kf3 Rf5+ 50. Ke3 Re5 51. f4 Re7 52. Kf3 Ra7 53. Rc3 Rb7 54. Rd3 Ra7 55. g4 hxg4+ 56. hxg4 Rb7 57. g5 Ra7 58. Kg4 Ra4 59. Nf6 Ra1 60. Rh3 Rg1+ 61. Kf3 Rf1+ 62. Ke3 Re1+ 63. Kf2 Ra1 64. Rh7+ Kf8 65. Rh8+ Ke7 66. Re8+ Kd6 67. Ng4 Ra2+ 68. Kf3 Ra1 69. Nh6 Ra7 70. Rf8 Ke6 71. Re8+ Kd6 72. Kg4 Rb7 73. Re3 Ra7 74. Re5 Rb7 75. Re1 Ra7 76. Re4 Rb7 77. f5 Kd5 78. Kf4 Rb1 79. Re5+ Kd4 80. Nxf7 Rf1+ 81. Kg3 gxf5 82. Kg2 Rf4 83. Re6 Kd5 84. Rf6 Rg4+ 85. Kf3 Rg1 86. Rxf5+ Ke6 87. Rf6+ Ke7 88. Kf4 Rf1+ 89. Ke5 Rxf6 90. gxf6+ Kxf7 91. Kf5 Kf8 92. Ke6 Ke8 93. f7+ Kf8 94. Kf6 1/2-1/2


[Site "https://www.chess.com"]

[Event "Titled Tuesday Blitz August 09 Late 2022"]
[White "Goltsev, Dmitry"]
[Black "Hakobyan, Aram"]
[WhiteFideId "24176710"]
[BlackFideId "13306677"]
[WhiteElo "2258"]
[BlackElo "2557"]
[Result "0-1"]
[Round "06"]
[TimeControl "180+1"]
[Date "2022.08.09"]
[WhiteClock "0:00:02"]
[BlackClock "0:01:12"]

1. e4 d6 2. d4 Nf6 3. Nc3 e5 4. dxe5 dxe5 5. Qxd8+ Kxd8 6. Nf3 Bd6 7. Bc4 Ke8 8. O-O a6 9. a4 Nc6 10. Rd1 Nb4 11. Bb3 Be6 12. Bxe6 fxe6 13. Rd2 Rd8 14. Re2 Ke7 15. Bg5 h6 16. Bxf6+ gxf6 17. Rd1 Bc5 18. Red2 Rxd2 19. Rxd2 a5 20. Kf1 Rg8 21. h3 c6 22. Ne2 Rd8 23. Rxd8 Kxd8 24. Ne1 b5 25. Nc3 Bd4 26. axb5 Bxc3 27. bxc3 Na2 28. bxc6 Nxc3 29. Nf3 a4 30. Nd2 Kc7 31. f3 Kxc6 32. Kf2 Kc5 33. Ke3 Kb4 34. h4 Nd1+ 35. Ke2 Nb2 36. g4 Nc4 37. Nb1 a3 38. Nxa3 Nxa3 39. Kd3 Nc4 40. h5 Nb2+ 41. Kd2 Kc4 42. Ke2 Kd4 43. Kf2 Nc4 44. Kg3 Ke3 45. c3 Nd2 46. c4 Nxc4 47. Kg2 Kf4 48. Kf2 Nd2 49. g5 fxg5 0-1


[Site "https://www.chess.com"]

[Event "Titled Tuesday Blitz August 09 Late 2022"]
[White "Grischuk, Alexander"]
[Black "Djordjevic, Vuk"]
[WhiteFideId "4126025"]
[BlackFideId "902098"]
[WhiteElo "2762"]
[BlackElo "2456"]
[Result "1-0"]
[Round "06"]
[TimeControl "180+1"]
[Date "2022.08.09"]
[WhiteClock "0:01:15"]
[BlackClock "0:00:01"]

1. d4 Nf6 2. c4 e6 3. Nc3 Bb4 4. e3 O-O 5. Bd3 d5 6. a3 Bxc3+ 7. bxc3 c5 8. cxd5 exd5 9. Ne2 b6 10. O-O Ba6 11. f3 Re8 12. Ng3 h5 13. Ra2 Qc8 14. Raf2 cxd4 15. cxd4 Bxd3 16. Qxd3 h4 17. Nf5 Qc4 18. Qb1 Re6 19. Nxh4 Nbd7 20. Rc2 Qa4 21. Nf5 g6 22. Ng3 b5 23. Ne2 a6 24. Nf4 Rd6 25. g4 Nb6 26. g5 Ne8 27. h4 Ng7 28. Rg2 Rc8 29. h5 Nxh5 30. Nxh5 gxh5 31. g6 f6 32. Qf5 Rc7 33. Qxh5 b4 34. Rh2 Kf8 35. Qh8+ Ke7 36. g7 Rd8 1-0


[Site "https://www.chess.com"]

[Event "Titled Tuesday Blitz August 09 Late 2022"]
[White "Hafiz, Arif Abdul"]
[Black "Toncheva, Nadya"]
[WhiteFideId "7104227"]
[BlackFideId "2924056"]
[WhiteElo "2198"]
[BlackElo "1888"]
[Result "1-0"]
[Round "06"]
[TimeControl "180+1"]
[Date "2022.08.09"]
[WhiteClock "0:00:55"]
[BlackClock "0:00:05"]

1. e4 c5 2. Nc3 Nc6 3. f4 g6 4. Nf3 Bg7 5. Bb5 Nd4 6. O-O a6 7. Bc4 e6 8. d3 Ne7 9. Nxd4 cxd4 10. Ne2 d5 11. Bb3 dxe4 12. dxe4 O-O 13. e5 Nc6 14. c3 dxc3 15. bxc3 Qb6+ 16. Nd4 Rd8 17. Be3 Bd7 18. Nf5 Qa5 19. Nd6 Qxc3 20. Bb6 Rf8 21. a3 Nxe5 22. fxe5 Qxe5 23. Ra2 Bc6 24. Re2 Qc3 25. Nxf7 Rxf7 26. Bxe6 Rf8 27. Ref2 Bb5 28. Rxf7 Bxf1 29. Rxf8+ Kxf8 30. Qd8# 1-0


[Site "https://www.chess.com"]

[Event "Titled Tuesday Blitz August 09 Late 2022"]
[White "Hambleton, Aman"]
[Black "Esipenko, Andrey"]
[WhiteFideId "2606577"]
[BlackFideId "24175439"]
[WhiteElo "2538"]
[BlackElo "2619"]
[Result "0-1"]
[Round "06"]
[TimeControl "180+1"]
[Date "2022.08.09"]
[WhiteClock "0:00:02"]
[BlackClock "0:01:28"]

1. d4 Nf6 2. Bf4 e6 3. e3 c5 4. c3 Nc6 5. Nd2 h6 6. Bd3 d5 7. Ngf3 Be7 8. h3 Bd6 9. dxc5 Bxc5 10. O-O O-O 11. e4 dxe4 12. Nxe4 Be7 13. Nxf6+ Bxf6 14. Be4 Qb6 15. Qb3 Be7 16. Qxb6 axb6 17. Be3 Bc5 18. Bxc5 bxc5 19. Bxc6 bxc6 20. c4 f6 21. Rfd1 e5 22. Rd6 Bf5 23. Rxc6 Rfb8 24. b3 Rxb3 25. axb3 Rxa1+ 26. Kh2 Rb1 27. Rxc5 Rxb3 28. Nd4 exd4 29. Rxf5 Rc3 30. Rc5 Kf7 31. g3 Ke6 32. Kg2 g5 33. h4 g4 34. h5 Rc1 35. Rc8 Kf5 36. Rd8 Rxc4 37. Rd5+ Ke4 38. Rd6 d3 39. Re6+ Kd5 40. Rxf6 d2 41. Rf8 Rd4 0-1


[Site "https://www.chess.com"]

[Event "Titled Tuesday Blitz August 09 Late 2022"]
[White "Harshavardhan G B"]
[Black "Danielyan, Vahe"]
[WhiteFideId "25059009"]
[BlackFideId "13304828"]
[WhiteElo "1890"]
[BlackElo "2421"]
[Result "1-0"]
[Round "06"]
[TimeControl "180+1"]
[Date "2022.08.09"]
[WhiteClock "0:00:48"]
[BlackClock "0:00:04"]

1. d4 d5 2. c4 dxc4 3. e4 e5 4. Nf3 exd4 5. Bxc4 Nc6 6. O-O Be6 7. Bxe6 fxe6 8. Qb3 Qd7 9. Qxb7 Rb8 10. Qa6 Nf6 11. Nbd2 Bd6 12. b3 Nh5 13. Bb2 O-O 14. Rfc1 Ne5 15. Bxd4 Nxf3+ 16. Nxf3 Rxf3 17. gxf3 Qf7 18. e5 Qxf3 19. exd6 Nf4 20. Qc6 Nh3+ 21. Kf1 Qd3+ 22. Ke1 Nf4 23. Rc2 Qxd4 24. Rd1 Qe5+ 25. Kf1 Qh5 26. Rd4 Qh3+ 27. Ke1 Qxh2 28. dxc7 Qg1+ 29. Kd2 Qxf2+ 30. Kc3 Qe3+ 31. Kc4 Rb4+ 32. Kxb4 Qxd4+ 33. Ka3 1-0


[Site "https://www.chess.com"]

[Event "Titled Tuesday Blitz August 09 Late 2022"]
[White "Iliaguev, Nisim"]
[Black "Oparin, Grigoriy"]
[WhiteFideId "2817276"]
[BlackFideId "24125890"]
[WhiteElo "2107"]
[BlackElo "2639"]
[Result "0-1"]
[Round "06"]
[TimeControl "180+1"]
[Date "2022.08.09"]
[WhiteClock "0:00:07"]
[BlackClock "0:00:24"]

1. d4 Nf6 2. Nf3 d5 3. g3 Bf5 4. Bg2 e6 5. O-O Bd6 6. c4 c6 7. Nc3 O-O 8. Nd2 Nbd7 9. e4 dxe4 10. Ndxe4 Be7 11. Be3 a5 12. Nxf6+ Nxf6 13. d5 exd5 14. cxd5 Nxd5 15. Nxd5 cxd5 16. Qxd5 Qxd5 17. Bxd5 Bf6 18. Rad1 Bxb2 19. Bxb7 Rab8 20. Bd5 Ba3 21. Bb3 Bb4 22. Bd2 Rfd8 23. Bxb4 axb4 24. Rfe1 Kf8 25. f3 h6 26. Kf2 g5 27. g4 Bg6 28. Kg3 Rbc8 29. h4 gxh4+ 30. Kxh4 Rxd1 31. Rxd1 Rc3 32. f4 Bd3 33. f5 Kg7 34. Rh1 Kf6 35. Rh2 Bf1 36. Bd5 Re3 37. Bb3 Be2 38. Bd5 Re5 39. Kg3 Rxd5 40. Rxe2 Kg5 41. Rb2 Rd3+ 42. Kf2 Rd4 43. Kf3 Rf4+ 44. Ke3 Rxg4 45. Rf2 f6 46. Rc2 h5 47. Rc8 h4 48. Kf3 Rf4+ 49. Kg2 Kg4 50. Rg8+ Kxf5 51. Rb8 Rc4 52. Kh3 Ke5 53. Rb5+ Ke6 54. Rb6+ Kf5 55. Rb5+ Kg6 56. Rb8 Kg5 57. Rg8+ Kf5 58. Rb8 Rd4 59. Rb5+ Kg6 60. Rb8 f5 61. Rg8+ Kf6 62. Rb8 Kg5 63. Rg8+ Kf4 64. Kxh4 Rd2 65. Kh3 Rxa2 66. Rb8 Rb2 67. Rb5 Ke4 68. Rb8 Kf3 0-1


[Site "https://www.chess.com"]

[Event "Titled Tuesday Blitz August 09 Late 2022"]
[White "Kamsky, Gata"]
[Black "Maksimovic, Bojan"]
[WhiteFideId "2000024"]
[BlackFideId "14408120"]
[WhiteElo "2666"]
[BlackElo "2447"]
[Result "1-0"]
[Round "06"]
[TimeControl "180+1"]
[Date "2022.08.09"]
[WhiteClock "0:00:41"]
[BlackClock "0:00:13"]

1. d4 c5 2. d5 e5 3. e4 d6 4. Nc3 Be7 5. a4 Bg5 6. Nf3 Bxc1 7. Qxc1 Nf6 8. Bd3 O-O 9. O-O Nbd7 10. Nd2 Qe7 11. Nc4 Rd8 12. a5 Nf8 13. f3 Nh5 14. g3 g6 15. Ne3 Ng7 16. Nc4 Bh3 17. Rf2 h5 18. Qh6 Nh7 19. f4 exf4 20. Qxf4 Ng5 21. Kh1 Ne8 22. e5 dxe5 23. Qxe5 Qxe5 24. Nxe5 Nd6 25. Nc4 Nxc4 26. Bxc4 Bf5 27. Re1 Re8 28. Rfe2 Rxe2 29. Rxe2 Rd8 30. h4 Nf3 31. Re7 Bxc2 32. Rxb7 Re8 33. d6 1-0


[Site "https://www.chess.com"]

[Event "Titled Tuesday Blitz August 09 Late 2022"]
[White "Kevlishvili, Robby"]
[Black "Sorkin, Igor"]
[WhiteFideId "1040634"]
[BlackFideId "2803283"]
[WhiteElo "2585"]
[BlackElo "2401"]
[Result "0-1"]
[Round "06"]
[TimeControl "180+1"]
[Date "2022.08.09"]
[WhiteClock "0:00:01"]
[BlackClock "0:00:17"]

1. e4 c5 2. Nf3 e6 3. d4 cxd4 4. Nxd4 Bc5 5. Nb3 Bb6 6. Nc3 Ne7 7. Bd3 O-O 8. Qe2 d5 9. O-O Nbc6 10. Bf4 d4 11. Nb1 e5 12. Bg3 Ng6 13. N1d2 Qe7 14. a4 Nb4 15. a5 Bc7 16. Nc4 Bd7 17. Nbd2 Rac8 18. c3 Nxd3 19. Qxd3 dxc3 20. bxc3 Rfd8 21. Ne3 Be6 22. Nd5 Qd7 23. c4 Bd6 24. Rfb1 f6 25. f3 Ne7 26. Bf2 Nc6 27. Nb3 Kh8 28. Nc5 Bxc5 29. Bxc5 f5 30. Be3 fxe4 31. fxe4 Rf8 32. Rb2 Rf7 33. Qd2 Rcf8 34. Rab1 Qc8 35. Rb3 Nd4 36. Bxd4 Qxc4 37. h3 exd4 38. Rb4 Rf1+ 39. Kh2 Qc8 40. Qxd4 Qb8+ 41. e5 Rxb1 42. Rxb1 Rd8 43. Rb5 Qc8 44. Qe4 Qc6 45. Qb4 Bxd5 46. Rc5 Qe6 0-1


[Site "https://www.chess.com"]

[Event "Titled Tuesday Blitz August 09 Late 2022"]
[White "Kjartansson, David"]
[Black "Terry, Renato"]
[WhiteFideId "2301130"]
[BlackFideId "3803457"]
[WhiteElo "2379"]
[BlackElo "2577"]
[Result "0-1"]
[Round "06"]
[TimeControl "180+1"]
[Date "2022.08.09"]
[WhiteClock "0:00:01"]
[BlackClock "0:00:13"]

1. d4 e6 2. Nc3 Nf6 3. Bf4 Bb4 4. Qd3 d6 5. O-O-O Nc6 6. f3 Bxc3 7. Qxc3 Nd5 8. Qd2 Nxf4 9. Qxf4 Qe7 10. Qd2 O-O 11. e4 e5 12. d5 Nb8 13. h4 a5 14. g4 Nd7 15. Kb1 Nc5 16. Bb5 a4 17. Ne2 Bd7 18. Bxd7 Qxd7 19. Ng3 Ra6 20. Nf5 f6 21. Rdg1 g6 22. Nh6+ Kg7 23. g5 f5 24. exf5 gxf5 25. g6 Qe7 26. gxh7+ Kxh7 27. Qg2 Qf6 28. Nxf5 Raa8 29. h5 Rg8 30. Qg6+ Rxg6 31. hxg6+ Kg8 32. Nh6+ Kg7 33. Rh5 Rh8 34. Nf5+ Kg8 35. Rxh8+ Kxh8 36. g7+ Kg8 0-1


[Site "https://www.chess.com"]

[Event "Titled Tuesday Blitz August 09 Late 2022"]
[White "Kravtsiv, Martyn"]
[Black "Romanchuk, Viktor"]
[WhiteFideId "14113147"]
[BlackFideId "14109271"]
[WhiteElo "2694"]
[BlackElo "2242"]
[Result "1-0"]
[Round "06"]
[TimeControl "180+1"]
[Date "2022.08.09"]
[WhiteClock "0:00:20"]
[BlackClock "0:00:17"]

1. e4 e6 2. d4 d5 3. Nc3 dxe4 4. Nxe4 Nd7 5. Nf3 Ngf6 6. Bd3 c5 7. Nxf6+ Nxf6 8. Be3 Qc7 9. Qe2 Be7 10. dxc5 O-O 11. O-O-O Nd5 12. h4 Nf4 13. Bxf4 Qxf4+ 14. Kb1 Bxc5 15. g3 Qc7 16. Bxh7+ Kxh7 17. Ng5+ Kg6 18. f4 f6 19. Qd3+ f5 20. Rhe1 Rf6 21. Qb5 Qc6 22. h5+ Kh6 23. Rd8 Bf8 24. Qb4 a5 25. Rxf8 Kxh5 26. Rh8+ Rh6 27. Qf8 Kg4 28. Qxg7 Rxh8 29. Qxh8 Kxg3 30. Qh3+ Kxf4 31. Qh4# 1-0


[Site "https://www.chess.com"]

[Event "Titled Tuesday Blitz August 09 Late 2022"]
[White "Livaic, Leon"]
[Black "Ekdyshman, Mikhail"]
[WhiteFideId "14531534"]
[BlackFideId "4149416"]
[WhiteElo "2540"]
[BlackElo "2146"]
[Result "1-0"]
[Round "06"]
[TimeControl "180+1"]
[Date "2022.08.09"]
[WhiteClock "0:02:31"]
[BlackClock "0:01:17"]

1. d4 Nf6 2. c4 c5 3. d5 b5 4. cxb5 a6 5. bxa6 Bxa6 6. Nc3 d6 7. e4 Bxf1 8. Kxf1 g6 9. Nf3 Qc8 10. h3 Bg7 11. g3 O-O 12. Kg2 Qb7 13. Re1 Nbd7 14. e5 dxe5 15. Nxe5 Rad8 16. Nc6 Ra8 17. Rxe7 Ra6 18. Qf3 Re8 19. Rxe8+ Nxe8 20. Nd8 1-0


[Site "https://www.chess.com"]

[Event "Titled Tuesday Blitz August 09 Late 2022"]
[White "Llorente Zaro, Alfonso"]
[Black "Ladan, Nicholas"]
[WhiteFideId "2254131"]
[BlackFideId "30918855"]
[WhiteElo "2485"]
[BlackElo "2167"]
[Result "0-1"]
[Round "06"]
[TimeControl "180+1"]
[Date "2022.08.09"]
[WhiteClock "0:01:26"]
[BlackClock "0:00:05"]

1. e4 e5 2. Nc3 Nc6 3. Bc4 Nf6 4. d3 Na5 5. Nge2 c6 6. O-O d6 7. a4 Nxc4 8. dxc4 Be7 9. Ng3 Qc7 10. b3 h5 11. Qd3 h4 12. Nf5 Bxf5 13. exf5 h3 14. g3 O-O-O 15. a5 a6 16. Bg5 Rh5 17. Bxf6 Bxf6 18. Ne4 d5 19. cxd5 cxd5 20. Qf3 Rhh8 21. Nxf6 gxf6 22. Rfd1 e4 23. Qe3 Qe5 24. Rd4 Rh5 25. Rad1 Rxf5 26. c4 Rf3 27. Qh6 e3 28. Qxh3+ Kb8 29. fxe3 Qxe3+ 30. Kh1 Re8 31. Qd7 Rf2 32. Qxd5 Qe1+ 0-1


[Site "https://www.chess.com"]

[Event "Titled Tuesday Blitz August 09 Late 2022"]
[White "Lobanov, Sergei"]
[Black "Shimanov, Aleksandr"]
[WhiteFideId "24183750"]
[BlackFideId "4198603"]
[WhiteElo "2524"]
[BlackElo "2605"]
[Result "1-0"]
[Round "06"]
[TimeControl "180+1"]
[Date "2022.08.09"]
[WhiteClock "0:00:11"]
[BlackClock "0:00:02"]

1. Nf3 Nf6 2. b3 g6 3. Bb2 Bg7 4. c4 d6 5. g3 O-O 6. Bg2 e5 7. d3 c5 8. O-O Nc6 9. Nc3 Bf5 10. Nd2 Qd7 11. Nde4 h5 12. Nxf6+ Bxf6 13. Nd5 Bg7 14. f4 Rae8 15. Qd2 f6 16. e3 Ne7 17. Nc3 Be6 18. Rf2 f5 19. Raf1 Kh7 20. h3 a6 21. Kh2 b5 22. Nd5 Nc6 23. Nb6 Qc7 24. Nd5 Qd8 25. Nc3 Qb6 26. Bd5 Bd7 27. Rg1 b4 28. Ne2 Ne7 29. Bf3 Bc6 30. g4 Bxf3 31. Rxf3 Qc6 32. Rfg3 h4 33. R3g2 Bf6 34. gxf5 gxf5 35. fxe5 dxe5 36. Qd1 Rg8 37. Nd4 Rxg2+ 38. Rxg2 Qxg2+ 39. Kxg2 Rg8+ 40. Kh1 exd4 41. Qh5+ Kg7 42. exd4 Nc6 43. d5 Nd4 44. Bxd4 Bxd4 45. Qg5+ Kf7 46. Qxf5+ Ke7 47. Qe6+ Kf8 48. d6 Rg1+ 49. Kh2 Rc1 50. Qe7+ Kg8 51. d7 Rc2+ 52. Kh1 Rc1+ 53. Kg2 Rg1+ 54. Kh2 Rg7 55. d8=Q+ Kh7 56. Qxh4+ Kg6 57. Qd6+ 1-0


[Site "https://www.chess.com"]